 Dungeon Crawl Stone Soup version 0.17-a0-83-g894156c (console) character file.

121 utis the Sneak (level 4, -3/21 HPs)
             Began as a Spriggan Enchanter on Mar 17, 2015.
             Was an Initiate of Dithmenos.
             Slain by an orc priest
             ... wielding a +0 mace
              (9 damage)
             ... on level 3 of the Dungeon.
             The game lasted 00:10:11 (2533 turns).

utis the Sneak (Spriggan Enchanter)                 Turns: 2533, Time: 00:10:12

Health: -3/21      AC:  3    Str:  4    XL:     4   Next: 77%
Magic:  6/12       EV: 18    Int: 16    God:    Dithmenos [......]
Gold:   42         SH:  0    Dex: 17    Spells: 3 memorised, 2 levels left

rFire  . . .     SeeInvis +     a - +1 dagger (venom) {=f}
rCold  . . .     Clarity  .     b - +1 robe
rNeg   . . .     SustAb   .     (shield restricted)
rPois  .         Gourm    .     (helmet restricted)
rElec  .         Spirit   .     (no cloak)
rCorr  .         Warding  .     (gloves unavailable)
rMut   .         Stasis   .     (boots unavailable)
MR     .....                    (no amulet)
Stlth  +++.......               (no ring)
                                (no ring)

@: very quick, not resistant to hostile enchantments, fairly stealthy
A: unfitting armour, see invisible, herbivore 3, speed 3, slow metabolism 2
a: Renounce Religion


You were on level 3 of the Dungeon.
You worshipped Dithmenos.
Dithmenos was noncommittal.
You were not hungry.

You visited 1 branch of the dungeon, and saw 3 of its levels.

You collected 42 gold pieces.

Inventory:

Hand weapons
 a - a +1 dagger of venom (weapon) {=f}
 e - a +1 dagger
 f - a +2 dagger of holy wrath
 g - a +1 dagger of protection
Missiles
 i - 3 poisoned needles
 l - 8 needles of paralysis
Armour
 b - a +1 robe (worn)
 t - a +0 pair of gloves
Jewellery
 h - a +3 ring of strength {unknown}
 n - a +2 ring of intelligence {unknown}
 u - an uncursed amulet of guardian spirit {unknown}
Magical devices
 p - a wand of frost (28)
Scrolls
 j - a scroll of magic mapping {unknown}
 k - a scroll of amnesia {unknown}
 m - a scroll of enchant armour {unknown}
 o - a scroll of recharging {unknown}
 r - a scroll of enchant weapon {unknown}
Potions
 q - 3 potions of curing {unknown}
 s - a potion of resistance {unknown}
Books
 c - a book of Maledictions

   Spells                             Type                      Level
   a - Corona                         Hexes                        1
   b - Sure Blade                     Hexes/Charms                 2
   c - Ensorcelled Hibernation        Hexes/Ice                    2
   d - Confuse                        Hexes                        3
   e - Dazzling Spray                 Conjuration/Hexes            3
   f - Enslavement                    Hexes                        4
Comestibles
 d - a bread ration


   Skills:
 - Level 2.0 Short Blades
 - Level 3.0 Dodging
 - Level 4.9 Stealth
 - Level 2.6 Spellcasting
 + Level 4.8 Hexes
 + Level 2.2 Ice Magic


You had 2 spell levels left.
You knew the following spells:

 Your Spells              Type           Power        Failure   Level  Hunger
a - Confuse               Hex            ###.....     10%         3    ###....
e - Ensorcelled Hibernat  Hex/Ice        ##....       10%         2    ##.....
Z - Corona                Hex            ###....      2%          1    #......


Dungeon Overview and Level Annotations

Branches:
Dungeon (3/15)

Altars:
Dithmenos
Sif Muna
Trog


Innate Abilities, Weirdness & Mutations

You are tiny and cannot use many weapons and most armour.
You have supernaturally acute eyesight.
You are a herbivore.
You cover ground extremely quickly.
You need consume almost no food.


Message History

Unknown command.
You hit the orc but do no damage.
The orc is poisoned.
The orc priest invokes the aid of Beogh against you.
Something smites you!
Ouch! That really hurt!
* * * LOW HITPOINT WARNING * * *
You hit the orc.
The orc looks even sicker.
The orc is almost dead.
You kill the orc!
Dithmenos accepts your kill.
An orc comes into view.
The orc priest completely misses you.
Casting: Ensorcelled Hibernation
Confirm with . or Enter, or press ? or * to list all spells.
Aiming: Ensorcelled Hibernation
Press: ? - help, Shift-Dir - straight line, f/p - orc priest
Aim: an orc priest, wielding a mace (chance 44%)
The orc priest resists with some effort.
The orc priest hits you with a mace!
You die...

.▓.▓▓▓.▓▓▓........▓
.......▓ ▓........▓
▓▓▓▓▓▓.▓▓▓........▓▓▓
▓..▓▓[..............
▓8..▓.▓.▓▓.......▓▓▓
+._...÷..........▓
▓8..▓▓.▓▓........▓
▓..▓▓.........▓.▓▓
▓▓▓▓▓▓..▓▓)..▓▓▓i▓
...▓ ▓▓.▓▓▓.▓▓ ▓o▓
▓..▓ ▓..▓▓..▓ ▓o▓
▓..▓ ▓▓.▓▓▓.▓ ▓o▓
▓..▓▓ ▓..▓▓.▓ ▓o.
▓...▓▓▓▓▓.▓▓.▓ ▓▓▓
.............▓
▓............▓
▓....▓▓▓➘▓▓▓.▓


You could see an orc priest, an orc wizard and 2 orcs.

Vanquished Creatures
  Jessica (D:2)
  3 adders (D:2)
  3 worms (D:2)
  An ooze (D:1)
  5 orcs (D:3)
  3 giant cockroaches
  5 hobgoblins
  7 kobolds
  A quokka (D:2)
  9 bats
  2 giant geckos
  2 giant newts
  7 goblins
  6 rats
55 creatures vanquished.

Notes
Turn   | Place    | Note
--------------------------------------------------------------
     0 | D:1      | utis, the Spriggan Enchanter, began the quest for the Orb.
     0 | D:1      | Reached XP level 1. HP: 9/9 MP: 4/4
   382 | D:1      | Reached XP level 2. HP: 13/13 MP: 7/7
   510 | D:1      | Learned a level 2 spell: Ensorcelled Hibernation
   862 | D:2      | Reached XP level 3. HP: 16/16 MP: 6/9
   893 | D:2      | Reached skill level 1 in Ice Magic
  1069 | D:2      | Noticed Jessica
  1081 | D:2      | Found a shadowy altar of Dithmenos.
  1091 | D:2      | Killed Jessica
  1091 | D:2      | Reached XP level 4. HP: 18/21 MP: 1/12
  1199 | D:2      | Became a worshipper of Dithmenos the Shadowed
  1498 | D:2      | Learned a level 3 spell: Confuse
  2087 | D:3      | Found a bloodstained altar of Trog.
  2159 | D:3      | Found a deep blue altar of Sif Muna.
  2533 | D:3      | Slain by an orc priest

Action                   |  1- 3 |  4- 6 || total
-------------------------+-------+-------++-------
Melee: Dagger            |    63 |    42 ||   105
 Cast: Corona            |     9 |       ||     9
       Ensorcelled Hiber |     6 |     9 ||    15
 Stab: Sleeping          |    13 |     8 ||    21
       Distracted        |       |     1 ||     1
